AoeStats
← 海峡

Four Lakes

507694779Analyzed
1v1 RM · 14d ago on Sep 19, 2026· 23m 0s· 2 players
Game mode
Random Map
Map size
Tiny (2 player)
Population
200
Speed
Normal
Resources
Standard
Victory
Conquest
Starting age
Dark Age
Ending age
Imperial Age
RankedLock teamsTeams togetherTeam positionsShared explorationLock speedFull tech treeHidden civsTurbo modeCheats
Victory
Defeat
🇮🇹 Inca · Italy
1698
+17
🇨🇳 Inca · China
1714
-17
Malelf
10:59 Feudal Age
11:28 Double-Bit Axe
12:16 Loom
15:12 Castle Age
13:13 Fishing Lines
13:49 Scale Mail Armor
13:26 Champi Runner
14:36 Gold Mining
15:32 Forging
16:17 Champi Warrior
18:52 Chain Mail Armor
19:36 Iron Casting
21:08 Squires
23:08 Bow Saw
22:41 Horse Collar
海峡
4:09 Loom
13:17 Feudal Age
13:45 Double-Bit Axe
14:30 Fishing Lines
17:11 Castle Age
15:41 Scale Mail Armor
16:31 Forging
15:51 Champi Runner
15:57 Champi Runner
17:14 Champi Warrior
18:37 Iron Casting
19:29 Gold Mining
20:48 Gold Shaft Mining
20:59 Squires
22:25 Chain Mail Armor
Connection lost

Rejoining the realm…

Still unreachable

The connection could not be restored.

Session expired

The server has moved on; the page needs a fresh start.